 Dungeon Crawl Stone Soup version 0.30-a0-457-g4b7bca3bfa (webtiles) character file.

Game seed: 10218961271546344897

102 McMuffin the Insei (level 4, -2/33 HPs)
             Began as a Demonspawn Transmuter on Dec 13, 2022.
             Was an Initiate of Dithmenos.
             Slain by a lemure (5 damage)
             ... led by Pikel
             ... on level 4 of the Dungeon.
             The game lasted 00:06:12 (2070 turns).

McMuffin the Insei (Demonspawn Transmuter)          Turns: 2070, Time: 00:06:13

Health: -2/33      AC:  4    Str: 13    XL:     4   Next: 50%
Magic:  5/7        EV: 12    Int: 14    God:    Dithmenos [......]
Gold:   161        SH:  0    Dex: 13    Spells: 5/8 levels left

rFire   + . .      SeeInvis .      - Unarmed
rCold   x . .      Faith    .    (no shield)
rNeg    . . .      Spirit   .    a - +0 robe
rPois   .          Reflect  .    (helmet currently unavailable)
rElec   .          Harm     .    (no cloak)
rCorr   .          Rampage  .    (no gloves)
Will    .....                    (boots currently unavailable)
Stlth   +.........               (no amulet)
HPRegen 0.25/turn                g - ring of fire
MPRegen 0.10/turn                (no ring)

@: appendages (expiring), wereblooded
A: horns 2, talons 2, hooves 1, icy blue scales 1
a: End Transformation, Renounce Religion


You were on level 4 of the Dungeon.
You worshipped Dithmenos.
Dithmenos was noncommittal.
You had temporarily grown beastly horns and talons.
You visited 1 branch of the dungeon, and saw 4 of its levels.

You collected 161 gold pieces.

Inventory:

Armour
 a - a +0 robe (worn)
 d - a +0 pair of boots (melded)
 n - a +0 helmet
Jewellery
 g - a ring of fire (left hand)
Wands
 r - a wand of flame (18)
Scrolls
 f - a scroll of magic mapping {unknown}
 i - a scroll of amnesia {unknown}
 k - a scroll of enchant weapon {unknown}
 l - 5 scrolls of identify {unknown}
 m - a scroll of fog {unknown}
 s - a scroll of poison {unknown}
Potions
 b - 2 potions of lignification
 c - 2 potions of might {unknown}
 e - a potion of attraction {unknown}
 h - a potion of resistance {unknown}
 j - 5 potions of curing {unknown}
 o - a potion of cancellation {unknown}
 p - 2 potions of berserk rage {unknown}
 q - a potion of magic {unknown}


   Skills:
 + Level 2.0 Fighting
 + Level 2.5 Dodging
 + Level 3.2 Unarmed Combat
 + Level 2.6 Spellcasting
 + Level 2.4 Transmutations


You had 5 spell levels left.
You knew the following spells:

 Your Spells              Type           Power      Damage    Failure   Level
a - Beastly Appendage     Tmut           16%        N/A       9%          1
b - Wereblood             Tmut           8%         N/A       12%         2

Your spell library contained the following spells:

 Spells                   Type           Power      Damage    Failure   Level
 Spider Form              Tmut/Pois      5%         N/A       38%         3
 Hailstorm                Conj/Ice       1%         3d3       56%         3
 Ice Form                 Ice/Tmut       5%         N/A       80%         4
 Olgreb's Toxic Radiance  Pois           1%         N/A       92%         4
 Simulacrum               Ice/Necr       0%         N/A       100%        6
 Ozocubu's Refrigeration  Ice            0%         4d7       100%        7
 Ignition                 Fire           1%         3d3       100%        8


Dungeon Overview and Level Annotations

Branches:
Dungeon (4/15)
 Temple: D:4-7

Altars:
Dithmenos
Sif Muna
Uskayaw

Annotations:
D:4 Pikel


Innate Abilities, Weirdness & Mutations

You have temporarily grown beastly horns and talons.
You have large cloven feet.
You are partially covered in icy blue scales. (AC +2)


Message History

A lemure comes into view.
The lemure completely misses you.
You barely miss the lemure.
The lemure shouts!
Your kick misses the lemure.
The lemure is moderately wounded.
The lemure hits you.
You barely miss the lemure. Your kick misses the lemure.
The lemure is lightly wounded.
Your transformation is almost over.
The lemure hits you.
You hit the lemure but do no damage. Your kick misses the lemure.
Your headbutt misses the lemure.
The lemure is lightly wounded.
The lemure barely misses you.
Pikel, Merchant of Souls comes into view.
He is wielding a +2 whip of electrocution.
You hit the lemure. Your punch misses the lemure.
The lemure is moderately wounded.
The lemure hits you.
You hit the lemure. Your kick misses the lemure.
The lemure is moderately wounded.
You hit the lemure. You headbutt the lemure.
The lemure is moderately wounded.
The lemure hits you!
You are too injured to fight recklessly!
You hit Pikel but do no damage. You headbutt Pikel, but do no damage.
Pikel hits you with a +2 whip of electrocution!
* * * LOW HITPOINT WARNING * * *
The lemure closely misses you.
You are too injured to fight recklessly!
You are too injured to fight recklessly!
You are too injured to fight recklessly!
You closely miss the lemure. Your kick misses the lemure.
The lemure is moderately wounded.
Pikel barely misses you. The lemure barely misses you.
You hit the lemure. Your kick misses the lemure.
You headbutt the lemure, but do no damage.
The lemure is heavily wounded.
Pikel closely misses you. The lemure hits you.
You die...

#####.##########.#
#.# ######.# #.#
#..<...# #.#
#.###### #.#
#...).<#
#.############
#.#...
##.#.##########.
##......K@555....
#>.....######..#.
#.##...# #. #...#
#. #...# # #....
#)..## #.### #..


You could see Pikel and 3 lemures.

Vanquished Creatures
  Jessica (D:2)
  Robin (D:2)
  An adder (D:2)
  An orc (D:4)
  3 bats (D:1)
  3 endoplasms
  4 giant cockroaches
  12 goblins
  6 hobgoblins
  4 jackals (D:2)
  3 kobolds
  A quokka (D:2)
  2 ball pythons (D:2)
  4 frilled lizards
  6 rats
52 creatures vanquished.

Notes
Turn   | Place    | Note
-------+----------+-------------------------------------------
     0 | D:1      | McMuffin the Demonspawn Transmuter began the quest for the
                  | Orb.
     0 | D:1      | Reached XP level 1. HP: 15/15 MP: 3/3
   329 | D:1      | Gained mutation: You are partially covered in icy blue
                  | scales. (AC +2) [demonic ancestry]
   329 | D:1      | Reached XP level 2. HP: 21/21 MP: 5/5
   874 | D:2      | Learned a level 2 spell: Wereblood
   987 | D:2      | Noticed Robin
   990 | D:2      | Lost mutation: You have razor-sharp toenails. [demonic
                  | ancestry]
   990 | D:2      | Lost mutation: You have sharp toenails. [demonic ancestry]
   990 | D:2      | Gained mutation: You have large cloven feet. [demonic
                  | ancestry]
   990 | D:2      | Reached XP level 3. HP: 23/26 MP: 2/6
  1001 | D:2      | Killed Robin
  1002 | D:2      | Reached skill level 3 in Unarmed Combat
  1173 | D:2      | Noticed Jessica
  1183 | D:2      | Killed Jessica
  1184 | D:2      | Reached XP level 4. HP: 7/33 MP: 4/7
  1512 | D:3      | Found a shimmering blue altar of Sif Muna.
  1570 | D:3      | Found a faded altar of an unknown god.
  1603 | D:3      | Found a shadowy altar of Dithmenos.
  1623 | D:3      | Became a worshipper of Dithmenos the Shadowed
  1838 | D:3      | Found a hide-covered altar of Uskayaw.
  2054 | D:4      | Noticed a lemure
  2060 | D:4      | Noticed a lemure
  2061 | D:4      | Noticed a lemure
  2064 | D:4      | Noticed Pikel
  2070 | D:4      | Slain by a lemure

Illustrated notes

Levels and vault maps discovered:
D:1:      lightli_arrival_flooded_house, layout_basic
D:2:      layout_basic, basic_altar, uniq_jessica, uniq_robin
D:3:      layout_rooms, lemuel_tele_altar,
          chequers_temple_overflow_statue_of_worship,
          ebering_ecumenical_altar_abandoned
D:4:      mumra_celtic_spiral_tile, layout_basic,
          mainiacjoe_overflow_six_doors_small, chequers_serial_rivers_small_b,
          uniq_pikel, uniq_blork_the_orc, uniq_grinder

Skill      XL: |  1  2  3 |
---------------+----------+-----
Dodging        | 2 |  2.5
Transmutations | 2 |  2.4
Unarmed Combat | 3 |  3.2
Fighting       | 2 |  2.0
Spellcasting   | |  2.6

Action                   |  1- 3 |  4- 6 || total
-------------------------+-------+-------++-------
Melee: Unarmed           |    85 |    44 ||   129
       Kick              |    13 |     9 ||    22
       Headbutt          |     9 |    12 ||    21
       Punch             |     1 |       ||     1
 Cast: Beastly Appendage |    18 |     9 ||    27
       Wereblood         |     3 |     2 ||     5
 Stab: Sleeping          |     1 |       ||     1
Armor: Robe              |    30 |     2 ||    32
Dodge: Dodged            |    77 |    26 ||   103

Table legend: (Time is in decaauts)
 A = Elapsed time spent in this place.
 B = Non-inter-level travel time spent in this place.
 C = Inter-level travel time spent in this place.
 D = Time resting spent in this place.
 E = Time spent auto-exploring this place.
 F = Levels seen in this place.
 G = Mean time per level.
                   A        B        C        D        E       F      G
               +--------+--------+--------+--------+--------+-----+--------+
         Total |   2062 |   1999 |     63 |      2 |   1607 |   4 |  515.5 |
       Dungeon |   2062 |   1999 |     63 |      2 |   1607 |   4 |  515.5 |
               +--------+--------+--------+--------+--------+-----+--------+

Top non-repeatable levels by time:
     D:2: 840 daAuts
     D:1: 652 daAuts
     D:3: 487 daAuts
     D:4: 82 daAuts
